 Dungeon Crawl Stone Soup version 0.13-a0-2816-gd8154f0 (webtiles) character file.

420 Misa the Ruinous (level 6, -4/51 HPs)
             Began as a Djinni Conjurer on Aug 26, 2013.
             Killed by miscasting Iskenderun's Mystic Blast (17 damage)
             ... on Level 3 of the Dungeon.
             The game lasted 00:13:06 (3544 turns).

Misa the Ruinous (Djinni Conjurer)                  Turns: 3544, Time: 00:13:06

HP  -4/51        AC  3     Str  8      XL: 6   Next:  5%
MP   0/0         EV 12     Int 18      God:
Gold 142         SH  0     Dex 13      Spells:  2 memorised,  9 levels left

Res.Fire  : + + +   See Invis. : +   i - +0,+1 orc dagger
Res.Cold  : x . .   Warding    : .   a - +0 robe
Life Prot.: + + +   Conserve   : .   (no shield)
Res.Poison: .       Res.Corr.  : .   (no helmet)
Res.Elec. : .       Clarity    : .   u - +0 cloak
Sust.Abil.: . .     Spirit.Shd : .   (no gloves)
Res.Mut.  : .       Stasis     : .   (boots unavailable)
Res.Rott. : .       Flight     : .   (no amulet)
Saprovore : . . .                    x - ring of see invisible {unknown}
                                     q - ring of see invisible {unknown}

@: very slightly contaminated, slightly resistant to hostile enchantments,
unstealthy
A: fire immunity, cold vulnerability, life protection 3
a: no special abilities


You were on level 3 of the Dungeon.
You were not hungry.

You visited 1 branch of the dungeon, and saw 4 of its levels.

You collected 122 gold pieces.

Inventory:

Hand weapons
 i - a +0,+1 orcish dagger (weapon)
Armour
 a - a +0 robe (worn)
 u - a +0 cloak (worn)
Scrolls
 b - 2 scrolls of noise {unknown}
 d - 6 scrolls of identify {unknown}
 g - 3 scrolls of enchant armour {unknown}
 h - 3 scrolls of remove curse {unknown}
 j - a scroll of recharging {unknown}
 l - a scroll of curse weapon {unknown}
 m - a scroll of curse jewellery {unknown}
 r - a scroll of magic mapping {unknown}
 s - 2 scrolls of blinking {unknown}
 v - 2 scrolls of teleportation {unknown}
 w - 4 scrolls of fear {unknown}
 y - a scroll of fog {unknown}
 z - a scroll of enchant weapon I {unknown}
Jewellery
 q - a ring of see invisible (left hand) {unknown}
 x - a ring of see invisible (right hand) {unknown}
Potions
 e - 2 potions of restore abilities {unknown}
 f - a potion of agility {unknown}
 k - 2 potions of brilliance {unknown}
 o - a potion of paralysis {unknown}
 p - a potion of speed {unknown}
 t - a potion of magic {unknown}
 A - a potion of might {unknown}
Books
 c - a book of Conjurations

   Spells                             Type                      Level
   *Magic Dart                        Conjuration                  1
   Searing Ray                        Conjuration                  2
   Dazzling Spray                     Conjuration/Hexes            3
   *Iskenderun's Mystic Blast         Conjuration                  4
   Iskenderun's Battlesphere          Conjuration/Charms           4
   Fulminant Prism                    Conjuration/Hexes            5


   Skills:
 + Level 2.2 Fighting
 - Level 1.8 Dodging
 - Level 1.5 Stealth
 * Level 4.5 Spellcasting
 + Level 5.8 Conjurations


You had 9 spell levels left.
You knew the following spells:

 Your Spells              Type           Power        Failure   Level  Hunger
a - Magic Dart            Conj           ####         1%          1    None
b - Iskenderun's Mystic   Conj           ####....     17%         4    ####...


Dungeon Overview and Level Annotations

Branches:
Dungeon (4/27)
 Temple: D:4-7

Altars:
Trog
Yredelemnul

Portals:
Ziggurat: D:3 (3590 gp)

Annotations:
D:2 exclusion: door
D:4 exclusion: door


Innate Abilities, Weirdness & Mutations

You are immune to all types of fire, even holy and hellish.
You are vulnerable to cold.
You need no food.
You have no legs.
You are immune to negative energy.


Message History

You kill the gnoll!
Casting: Iskenderun's Mystic Blast
Confirm with . or Enter, or press ? or * to list all spells.
Aiming: Iskenderun's Mystic Blast
Press: ? - help, Shift-Dir - straight line, f - you
Okay, then.
Casting: Iskenderun's Mystic Blast
Confirm with . or Enter, or press ? or * to list all spells.
Aiming: Iskenderun's Mystic Blast
Press: ? - help, Shift-Dir - straight line, f - gnoll
Aim: a gnoll, wielding a halberd The orb of energy hits the gnoll.
The gnoll is lightly wounded.
Casting: Iskenderun's Mystic Blast
Confirm with . or Enter, or press ? or * to list all spells.
Aiming: Iskenderun's Mystic Blast
Press: ? - help, Shift-Dir - straight line, f/p - gnoll
Aim: a gnoll, wielding a halberd (lightly wounded)
You miscast Iskenderun's Mystic Blast.
Energy rips through your body!
You die...

# ########....##.#
..##.##.# ### .##.#
# #.# # #. #.#.#
#############.##.#.
.....g............
######...........#
#>...g....)@#
.................#
######..........##
###########


You could see a gnoll.

Vanquished Creatures
  The ghost of Misa the Ruinous, an average DjCj of Sif Muna (D:4)
  An orc priest (D:4)
  An iguana (D:4)
  A worker ant (D:4)
  2 adders
  2 gnolls (D:3)
  A worm (D:4)
  A giant mite (D:2)
  An adder skeleton (D:4)
  3 giant geckos
  3 orcs
  6 bats
  2 giant cockroaches
  10 hobgoblins
  5 jackals
  10 kobolds
  2 quokkas
  4 giant newts
  8 goblins
  8 rats
72 creatures vanquished.

Notes
Turn   | Place    | Note
--------------------------------------------------------------
     0 | D:1      | Misa, the Djinni Conjurer, began the quest for the Orb.
     0 | D:1      | Reached XP level 1. HP: 14/14 MP: 0/0
   155 | D:1      | Reached XP level 2. EP: 16/21
   688 | D:1      | Reached skill level 5 in Conjurations
   914 | D:2      | Found a bloodstained altar of Trog.
  1029 | D:2      | Reached XP level 3. EP: 24/27
  1394 | D:2      | Found a basalt altar of Yredelemnul.
  1606 | D:3      | Found a gateway to a ziggurat.
  1624 | D:2      | Reached skill level 1 in Fighting
  1882 | D:3      | Reached XP level 4. EP: 18/35
  2702 | D:4      | Noticed Misa's ghost (average DjCj)
  2726 | D:4      | Killed Misa's ghost
  2726 | D:4      | Reached XP level 5. EP: 35/43
  2825 | D:4      | Learned a level 4 spell: Iskenderun's Mystic Blast
  3433 | D:4      | Reached XP level 6. EP: 32/51
  3544 | D:3      | Killed by miscasting Iskenderun's Mystic Blast

Action                   |  1- 3 |  4- 6 || total
-------------------------+-------+-------++-------
Melee: Dagger            |     4 |     2 ||     6
 Cast: Magic Dart        |    78 |    69 ||   147
       Iskenderun's Myst |       |    15 ||    15
  Use: Potion            |       |     2 ||     2
 Stab: Sleeping          |       |     1 ||     1
